 Dungeon Crawl Stone Soup version 0.28.0-43-g3370ac3207 (webtiles) character file.

Game seed: 1363924847816153094

63 crimpus the Bolt Thrower (level 3, 0/29 HPs)
             Began as a Demigod Hunter on Mar 26, 2022.
             Slain by Robin
             ... wielding a +2 dagger of electrocution
              (2 damage)
             ... on level 2 of the Dungeon.
             The game lasted 00:01:51 (656 turns).

crimpus the Bolt Thrower (Demigod Hunter)            Turns: 656, Time: 00:01:52

Health: 0/29       AC:  3    Str: 13    XL:     3   Next: 61%
Magic:  5/5        EV: 12    Int: 13    God:
Gold:   67         SH:  0    Dex: 18    Spells: 2/2 levels left

rFire   . . .      SeeInvis .   b - +0 short sword
rCold   . . .      Faith    .   (no shield)
rNeg    . . .      Spirit   .   c - +0 leather armour
rPois   .          Reflect  .   (no helmet)
rElec   .          Harm     .   (no cloak)
rCorr   .          Rampage  .   (no gloves)
Will    .....                   (no boots)
Stlth   ++........              (no amulet)
HPRegen 0.09/turn               (no ring)
MPRegen 0.09/turn               (no ring)

@: lethally poisoned (0 -> -6)
A: high MP 1, forlorn, divine attributes
a: no special abilities


You were on level 2 of the Dungeon.
You visited 1 branch of the dungeon, and saw 2 of its levels.

You collected 67 gold pieces.

Inventory:

Hand Weapons
 a - a +1 hand crossbow of freezing
 b - a +0 short sword (weapon)
Missiles
 h - a throwing net
Armour
 c - a +0 leather armour (worn)
Scrolls
 e - a scroll of identify


   Skills:
 + Level 1.9 Fighting
 + Level 4.9 Crossbows
 + Level 1.9 Dodging
 + Level 0.8 Stealth


You had 2 spell levels left.
You didn't know any spells.
Your spell library was empty.

Dungeon Overview and Level Annotations

Branches:
Dungeon (2/15)

Annotations:
D:2 Robin


Innate Abilities, Weirdness & Mutations

You have an increased reservoir of magic. (+10% MP)
You shall have no god before yourself.
Your divine heritage dramatically boosts your attributes as you level up.


Message History

The hobgoblin hits you.
You shoot a bolt. The bolt hits the hobgoblin!
The bolt freezes the hobgoblin.
You kill the hobgoblin!
You shoot a bolt. The bolt hits Robin.
The bolt freezes Robin.
Robin is lightly wounded.
Robin hits you with a +2 dagger of electrocution.
You are electrocuted!
* * * LOW HITPOINT WARNING * * *
An adder comes into view.
You are too injured to fight recklessly!
Unknown command.
Unknown command.
You are too injured to fight recklessly!
Sorry, you're not good enough to have a special ability.
Fire: 2 bolts
Press: ? - help, Q - select action, (/) - cycle Shift-Dir - straight line, f/p - Robin
Aim: Robin, wielding a +2 dagger of electrocution, wearing a +0 animal skin and wearing a +0 helmet (lightly wounded, 73% to hit)
You shoot a bolt. The adder hisses angrily.
The bolt hits Robin!
The bolt freezes Robin.
Robin is severely wounded.
Robin misses you. Robin hits you but does no damage.
Fire: bolt
Press: ? - help, Q - select action, (/) - cycle Shift-Dir - straight line, f/p - Robin
Aim: Robin, wielding a +2 dagger of electrocution, wearing a +0 animal skin and wearing a +0 helmet (severely wounded, 73% to hit)
You shoot a bolt. The bolt barely misses Robin.
The bolt hits the worm!
The bolt freezes the worm.
The worm is severely wounded.
The adder misses you. Robin completely misses you.
Unknown command.
Unknown command.
Unknown command.
Your +1 hand crossbow of freezing stops glowing.
b - a +0 short sword (weapon)
The adder bites you.
* * * LOW HITPOINT WARNING * * *
You are lethally poisoned!
The adder poisons you!
Robin hits you with a +2 dagger of electrocution.
You die...

......(.(#
#.#######.(.#
.........(..#
#.#######.w.###.#
#.# #g........ #.#
#g#..(..## ##.##
#.#.###.#
#...######(#.# #
#...S@gw.(.#.#
######...######.#..
#..............(###
#.###############
#.# #.# #.#
#.####### #.......#


You could see a worm, Robin and an adder.

Vanquished Creatures
  2 adders (D:2)
  2 endoplasms (D:1)
  2 giant cockroaches (D:1)
  5 hobgoblins
  4 quokkas
  A ball python (D:2)
  2 frilled lizards (D:1)
  11 goblins
  3 kobolds (D:1)
  9 rats
41 creatures vanquished.

Notes
Turn   | Place    | Note
-------+----------+-------------------------------------------
     0 | D:1      | crimpus the Demigod Hunter began the quest for the Orb.
     0 | D:1      | Reached XP level 1. HP: 17/17 MP: 3/3
   103 | D:1      | Reached skill level 4 in Crossbows
   192 | D:1      | Reached XP level 2. HP: 24/24 MP: 4/4
   560 | D:2      | Reached XP level 3. HP: 29/29 MP: 5/5
   617 | D:2      | Noticed Robin
   656 | D:2      | Slain by Robin

Illustrated notes

Levels and vault maps discovered:
D:1:      dpeg_arrival_ratfight, layout_rooms,
          shapermc_ecumenical_altar_starsandcircs, skrybe_limestone_x,
          feat_on_display
D:2:      layout_loops_ring, uniq_robin

Skill      XL: |  1 |
---------------+----+-----
Crossbows      | 4 |  4.9
Fighting       | |  1.9
Dodging        | |  1.9
Stealth        | |  0.8

Action                   || total
-------------------------++-------
 Fire: Hand crossbow     ||    77
  Use: Scroll            ||     3
       Potion            ||     1
Armor: Leather armour    ||    13
Dodge: Dodged            ||    33
